 Dungeon Crawl Stone Soup version 0.18.1-50-g88ac8fd (webtiles) character file.

339 Dioneo the Firebug (level 6, -3/52 HPs)
             Began as a Draconian Fire Elementalist on Oct 9, 2016.
             Killed from afar by a white imp (6 damage)
             ... with a puff of frost
             ... summoned by Natasha
             ... on level 3 of the Dungeon.
             The game lasted 00:12:19 (2972 turns).

Dioneo the Firebug (Draconian Fire Elementalist)    Turns: 2972, Time: 00:12:19

Health: -3/52      AC:  6    Str: 10    XL:     6   Next: 29%
Magic:  1/9        EV: 12    Int: 23    God:
Gold:   127        SH:  0    Dex: 11    Spells: 3 memorised, 1 level left

rFire  . . .     SeeInvis .     h - +3 whip (venom)
rCold  . . .     Gourm    .     (armour unavailable)
rNeg   . . .     Faith    .     (no shield)
rPois  .         Spirit   .     (helmet restricted)
rElec  .         Dismiss  .     (no cloak)
rCorr  .         Reflect  .     (no gloves)
SustAt .         Harm     .     (no boots)
MR     .....                    (no amulet)
Stlth  ++........               (no ring)
                                (no ring)

@: brilliant, slowed, very slow, not resistant to hostile enchantments,
unstealthy
A: unfitting armour, cold-blooded, AC +6
a: no special abilities


You were on level 3 of the Dungeon.
You were not hungry.

You visited 1 branch of the dungeon, and saw 3 of its levels.

You collected 127 gold pieces.

Inventory:

Hand Weapons
 c - a +0 hunting sling
 h - a +3 whip of venom (weapon)
Missiles
 d - 104 stones (quivered)
 e - 9 poisoned needles
Jewellery
 i - an uncursed ring of magical power {unknown}
Wands
 s - a wand of acid (0/15)
Scrolls
 g - 2 scrolls of identify {unknown}
 j - 2 scrolls of fog {unknown}
 n - a scroll of fear {unknown}
 p - 2 scrolls of recharging {unknown}
 q - a scroll of random uselessness {unknown}
 r - a scroll of magic mapping {unknown}
Potions
 f - a potion of mutation {unknown}
 k - a potion of agility {unknown}
 l - a potion of brilliance
 o - a potion of might {unknown}
 t - 2 potions of degeneration {unknown}
Books
 a - a book of Flames

   Spells                             Type                      Level
   a - Flame Tongue                   Conjuration/Fire             1
   b - Throw Flame                    Conjuration/Fire             2
   c - Conjure Flame                  Conjuration/Fire             3
   d - Inner Flame                    Hexes/Fire                   3
   e - Sticky Flame                   Conjuration/Fire             4
   f - Fireball                       Conjuration/Fire             5
Comestibles
 b - 2 bread rations
 m - a meat ration
 u - 4 chunks of flesh


   Skills:
 + Level 3.8 Fighting
 - Level 1.7 Dodging
 - Level 1.7 Stealth
 + Level 2.0 Spellcasting
 + Level 3.7 Conjurations
 + Level 4.7 Fire Magic


You had one spell level left.
You knew the following spells:

 Your Spells              Type           Power        Failure   Level  Hunger
a - Flame Tongue          Conj/Fire      #####        1%          1    #......
b - Conjure Flame         Conj/Fire      #####...     1%          3    ###....
c - Sticky Flame          Conj/Fire      #####...     3%          4    #####..


Dungeon Overview and Level Annotations

Branches:
Dungeon (3/15)

Altars:

Annotations:
D:2 Sigmund
D:3 Natasha


Innate Abilities, Weirdness & Mutations

Your plain brown scales are hard (AC +6).
Your body does not fit into most forms of armour.
You are cold-blooded and may be slowed by cold attacks.


Message History

Casting: Flame Tongue
Confirm with . or Enter, or press ? or * to list all spells.
Aiming: Flame Tongue
Press: ? - help, Shift-Dir - straight line, f/p - Natasha
Aim: Natasha, carrying a wand of flame {zapped: 9} (moderately wounded, poisoned)
The flame tongue misses Natasha.
Natasha casts a spell at you.
You feel as though you will be slow longer.
Natasha wildly gestures.
Natasha glows brightly for a moment.
Natasha casts a spell.
Read which item? (? for menu, Esc to quit)
Okay, then.
Drink which item? (? for menu, Esc to quit)
It was a potion of brilliance.
You feel clever all of a sudden. Natasha misses you.
The white imp gestures at you. The puff of frost hits you!
You die...

#.............## #.# #.#
##.....)......# #.# #.#
#.#....h.....# #.# #.#
#............# #.# #.#
##.......####.####.###.#
.........# #..........#
##.......#########5#########
................h..........#
##.######.######@#..######.#
........#........#..# #.#
.#.####.##########..# #.####
.#.#.##.# #..# #.#..#
......#.# #..# #.#..##
.#.#.#..# #..# #.#...#
.......###########..#
#.#..##
.#.#.#..............#
#.....#
......#############.#
###.###


You could see Natasha and a white imp.

Vanquished Creatures
  Grinder (D:3)
  Jessica (D:2)
  Natasha (twice) (D:3)
  2 adders (D:2)
  A worm (D:3)
  2 dart slugs (D:1)
  A giant gecko (D:1)
  2 ball pythons
  A giant cockroach (D:2)
  5 goblins
  4 hobgoblins (D:1)
  2 jackals (D:1)
  10 kobolds
  2 quokkas
  4 bats
  7 rats
47 creatures vanquished.

Notes
Turn   | Place    | Note
--------------------------------------------------------------
     0 | D:1      | Dioneo the Draconian Fire Elementalist began the quest for the Orb.
     0 | D:1      | Reached XP level 1. HP: 14/14 MP: 3/3
   506 | D:1      | Reached XP level 2. HP: 20/22 MP: 0/5
   768 | D:1      | Reached skill level 1 in Fighting
  1468 | D:2      | Reached XP level 3. HP: 28/28 MP: 6/6
  1574 | D:2      | Learned a level 3 spell: Conjure Flame
  1680 | D:2      | Noticed Jessica
  1692 | D:2      | Killed Jessica
  1692 | D:2      | Reached XP level 4. HP: 36/36 MP: 2/7
  1768 | D:2      | Found a faded altar to an unknown god.
  1901 | D:2      | Noticed Sigmund
  2342 | D:3      | Noticed Natasha
  2350 | D:3      | Killed Natasha
  2588 | D:3      | Noticed Grinder
  2653 | D:3      | Killed Grinder
  2653 | D:3      | Reached skill level 4 in Fire Magic
  2653 | D:3      | Reached XP level 5. HP: 46/46 MP: 0/8
  2653 | D:3      | Reached XP level 6. HP: 52/52 MP: 0/9
  2739 | D:3      | Learned a level 4 spell: Sticky Flame
  2856 | D:3      | Noticed Natasha
  2865 | D:3      | Killed Natasha
  2910 | D:3      | Noticed Natasha
  2970 | D:3      | HP: 2/52 [Natasha (1)]
  2972 | D:3      | Killed from afar by a white imp

Skill      XL: |  1  2  3  4 |
---------------+-------------+-----
Fighting       | 1 3 |  3.8
Conjurations   | 2 3 |  3.7
Fire Magic     | 4 |  4.7
Dodging        | |  1.7
Stealth        | |  1.7
Spellcasting   | |  2.0

Action                   |  1- 3 |  4- 6 || total
-------------------------+-------+-------++-------
Melee: Mace              |     4 |       ||     4
       Unarmed           |     1 |       ||     1
       Whip              |    19 |    29 ||    48
       Tailslap          |     2 |     2 ||     4
 Cast: Flame Tongue      |    38 |    28 ||    66
       Conjure Flame     |       |     6 ||     6
Evoke: Wand              |       |     3 ||     3
  Use: Potion            |       |     1 ||     1
  Eat: Chunk             |     1 |     1 ||     2
       Meat ration       |     1 |       ||     1
       Pizza             |       |     1 ||     1
Armor: Skin              |    19 |     8 ||    27
Dodge: Dodged            |    31 |    22 ||    53
